 Dungeon Crawl Stone Soup version 0.27-a0-1299-g1ab19c6527 (webtiles) character file.

Game seed: 12111424855418379489

19194 quinnr the Destroyer (level 12, -22/70 HPs)
             Began as a Tengu Air Elementalist on June 16, 2021.
             Was a Priest of Vehumet.
             Hit by a silver javelin thrown by a minotaur (32 damage)
             ... in a Gauntlet.
             The game lasted 00:57:04 (20361 turns).

quinnr the Destroyer (Tengu Air Elementalist)      Turns: 20361, Time: 00:57:04

Health: -22/70     AC: 16    Str:  8    XL:     12   Next: 66%
Magic:  2/23       EV: 15    Int: 21    God:    Vehumet [***...]
Gold:   313        SH:  4    Dex: 18    Spells: 4/24 levels left

rFire    . . .     SeeInvis .   s - +3 dagger (venom)
rCold    . . .     Faith    +   H - +0 buckler {AC+3}
rNeg     . . .     Spirit   .   J - +0 troll leather armour
rPois    +         Reflect  .   (helmet restricted)
rElec    .         Harm     .   m - +2 cloak {rCorr}
rCorr    +         Rampage  .   I - +0 pair of gloves {Dex+3}
Will     .....     NoTele   +   (boots unavailable)
Stlth    ++........             q - amulet of faith
HPRegen  1.21/turn              u - ring of poison resistance
MPRegen  0.18/turn              D - +4 ring of protection

@: sluggish, flying quickly and evasively, hasted, very quick
A: beak, talons 3, nimble flight
a: Renounce Religion


You were in a Gauntlet.
You worshipped Vehumet.
Vehumet was most pleased with you.
You visited 3 branches of the dungeon, and saw 15 of its levels.
You also visited: Gauntlet.

You collected 635 gold pieces.
You spent 322 gold pieces at shops.

Inventory:

Hand Weapons
 s - a +3 dagger of venom (weapon)
 K - a +2 scythe of flaming
Missiles
 t - 5 throwing nets
 x - 4 boomerangs of dispersal
Armour
 l - +0 acid dragon scales
 m - a +2 cloak of preservation (worn)
 v - +0 acid dragon scales
 G - a +0 robe of resistance
 H - a +0 buckler of protection (worn)
 I - a +0 pair of gloves of dexterity (worn)
 J - a +0 troll leather armour (worn)
Magical Staves
 g - a staff of conjuration
Jewellery
 k - an amulet of reflection
 q - an amulet of faith (around neck)
 u - a ring of poison resistance (left hand)
 C - a ring of protection from cold
 D - a +4 ring of protection (right hand)
Wands
 h - a wand of flame (14)
 y - a wand of polymorph (6)
Scrolls
 a - 2 scrolls of blinking {unknown}
 c - 4 scrolls of teleportation
 e - a scroll of fear
 n - 2 scrolls of vulnerability
 p - 3 scrolls of fog
Potions
 b - 2 potions of might
 d - a potion of heal wounds
 f - 3 potions of mutation
 i - 7 potions of curing
 j - 3 potions of attraction {unknown}
 o - a potion of magic
 r - a potion of invisibility {unknown}
 w - 2 potions of lignification {unknown}
 z - a potion of haste
 A - 2 potions of flight {unknown}
 B - 3 potions of cancellation
 E - 2 potions of brilliance {unknown}
 F - a potion of berserk rage


   Skills:
 - Level 6.0 Fighting
 - Level 5.0 Armour
 - Level 5.0 Dodging
 - Level 2.0 Stealth
 + Level 6.7 Spellcasting
 - Level 13.0 Conjurations
 - Level 12.3 Air Magic
 + Level 5.0 Earth Magic
 - Level 4.0 Poison Magic
 - Level 7.0 Evocations


You had 4 spell levels left.
You knew the following spells:

 Your Spells              Type           Power      Damage    Failure   Level
a - Shock                 Conj/Air       100%       1d9       1%          1
b - Static Discharge      Conj/Air       57%        N/A       1%          2
c - Swiftness             Air            56%        N/A       1%          3
d - Airstrike             Air            28%        N/A       1%          4
e - Lightning Bolt        Conj/Air       28%        1d45      1%          5
f - Poisonous Vapours     Pois/Air       82%        N/A       1%          2
g - Stone Arrow           Conj/Erth      90%        3d12      1%          3

Your spell library contained the following spells:

 Spells                   Type           Power      Damage    Failure   Level
 Frozen Ramparts          Ice            14%        1d3       16%         3
 Dazzling Flash           Conj/Hex       68%        N/A       1%          3
 Ignite Poison            Fire/Tmut/Pois 12%        N/A       10%         3
 Animate Skeleton         Necr           14%        N/A       21%         1
 Apportation              Tloc           14%        N/A       21%         1
 Corona                   Hex            7%         N/A       21%         1
 Summon Small Mammal      Summ           28%        N/A       21%         1
 Ensorcelled Hibernation  Hex/Ice        14%        N/A       30%         2
 Confusing Touch          Hex            7%         N/A       52%         3
 Tukima's Dance           Hex            7%         N/A       52%         3
 Fireball                 Conj/Fire      17%        3d9       11%         5
 Starburst                Conj/Fire      17%        8x6d6     45%         6
 Ignition                 Fire           3%         3d4       100%        8


Dungeon Overview and Level Annotations

Branches:
Dungeon (11/15)            Temple (1/1) D:7            Lair (3/6) D:10
Gauntlet (1/1)
  Swamp: Lair:2-4    Shoals: Lair:2-4     Snake: Lair:2-4    Spider: Lair:2-4
    Orc: D:9-12

Altars:
Ashenzari
Cheibriados
Dithmenos
Elyvilon
Fedhas
Gozag
Hepliaklqana
Kikubaaqudgha
Makhleb
Nemelex Xobeh
Okawaru
Qazlal
Ru
Sif Muna
Trog
Uskayaw
Vehumet
Wu Jian
Xom
Yredelemnul
Zin
The Shining One

Shops:
D:8 :?*![

Annotations:
Gauntlet 4 transporters


Innate Abilities, Weirdness & Mutations

You have a beak for a mouth.
You have claws for feet.
Your magical nature lets you fly swiftly and evasively.


Message History

Aim: a minotaur, wearing a +0 chain mail and quivering silver javelins (heavily wounded, 84% to hit)
The puff of flame hits the minotaur but does no damage.
The minotaur is heavily wounded.
You block the minotaur's attack.
The minotaur gores you but does no damage.
Aiming: Throw Flame
Press: ? - help, Shift-Dir - straight line, f/p - minotaur
Aim: a minotaur, wearing a +0 chain mail and quivering silver javelins (heavily wounded, 84% to hit)
The puff of flame hits the minotaur but does no damage.
The minotaur is heavily wounded.
The minotaur hits you! You block the minotaur's attack.
Aiming: Throw Flame
Press: ? - help, Shift-Dir - straight line, f/p - minotaur
Aim: a minotaur, wearing a +0 chain mail and quivering silver javelins (heavily wounded, 84% to hit)
The puff of flame hits the minotaur but does no damage.
The minotaur is heavily wounded.
The minotaur hits you!
* * * LOW HITPOINT WARNING * * *
The minotaur gores you.
* * * LOW HITPOINT WARNING * * *
Unknown command.
You feel much better. The minotaur misses you.
The minotaur gores you but does no damage.
You feel yourself speed up. You block the minotaur's attack.
The minotaur gores you but does no damage.
Unknown command.
Your +3 dagger of venom begins to drip with poison!
s - a +3 dagger of venom (weapon)
The minotaur hits you!! The minotaur barely misses you.
Unknown command.
You hit the minotaur but do no damage.
The minotaur is poisoned.
You peck the minotaur, but do no damage.
The minotaur is heavily wounded.
You feel sluggish.
The minotaur throws a silver javelin.
The silver javelin pierces through you!
* * * LOW HITPOINT WARNING * * *
x2
Found 17 gold pieces.
The minotaur throws a silver javelin.
The silver javelin pierces through you!!
You die...

.#. #####..#. #≈8§#..#$
#######...#..#©
#....##.8.#..#=.
#.##.##...#..#)#
#.##....8.#..#..#...#.
#.##.##@..#..#G..#.#...
#....##...#..##########
#.##.##.©.#§............
#≈∩...'.##..H...#∩............
#≈≈.#.#.##.##.©.#≈............
#≈ #.#....##...#..###########
# #.##.##...#..#[#^.#^...#
#.##....8.#..#..#..#^..#
#.##.##...#..##..#..#..#


You could see a minotaur (very poisoned) and a great orb of eyes.

Vanquished Creatures
  A reaper (Gauntlet)
  A hydra (Lair:2)
  Harold (D:10)
  A boulder beetle (Lair:2)
  An oklob plant (Gauntlet)
  4 cane toads
  A black mamba (Lair:3)
  2 centaur zombies (D:10)
  A komodo dragon (shapeshifter) (Gauntlet)
  A rime drake (Lair:2)
  2 komodo dragons (D:10)
  A hellwing (Gauntlet)
  A troll (D:9)
  Grinder (D:3)
  4 blink frogs
  A shadow (D:10)
  A wyvern (D:10)
  A wraith (D:9)
  A yak (shapeshifter) (Gauntlet)
  32 yaks
  Eustachio (D:4)
  4 vampire mosquitoes (D:10)
  A basilisk (Lair:2)
  Edmund (D:6)
  2 acid dragons (Gauntlet)
  6 water moccasins
  An orc warrior (D:7)
  Duvessa (D:4)
  A black bear (D:6)
  4 sky beasts
  2 necrophages
  An ogre (D:4)
  4 centaurs
  A phantom (D:4)
  4 bullfrogs
  A kobold brigand (D:8)
  A gnoll sergeant (D:10)
  2 scorpions
  A water moccasin zombie (D:5)
  Dowan (D:4)
  17 killer bees
  12 wights
  3 electric eels (D:8)
  A howler monkey (D:5)
  A crimson imp (D:10)
  A bullfrog zombie (D:5)
  2 hounds (D:4)
  2 jellies
  3 orc priests
  A bullfrog skeleton (D:3)
  A centaur skeleton (D:7)
  2 gnoll shamans (D:6)
  Ijyb (D:3)
  6 iguanas
  5 orc wizards
  A hound skeleton (D:5)
  A howler monkey zombie (D:9)
  11 gnolls
  6 adders
  A shadow imp (Gauntlet)
  An adder zombie (D:5)
  2 adder skeletons (D:4)
  2 worms
  3 dart slugs (D:1)
  21 orcs
  4 bats
  4 endoplasms
  5 giant cockroaches
  11 hobgoblins
  4 jackals (D:2)
  7 kobolds
  4 quokkas
  4 ball pythons
  2 frilled lizards
  5 goblins
  A jackal skeleton (D:4)
  4 rats
261 creatures vanquished.

Vanquished Creatures (others)
  3 fungi (Lair:2)
  25 plants
  12 withered plants (Gauntlet)
40 creatures vanquished.

Grand Total: 301 creatures vanquished

Notes
Turn   | Place    | Note
-------+----------+-------------------------------------------
     0 | D:1      | quinnr the Tengu Air Elementalist began the quest for the
                  | Orb.
     0 | D:1      | Reached XP level 1. HP: 10/10 MP: 4/4
     7 | D:1      | Found a faded altar of an unknown god.
    12 | D:1      | Reached skill level 2 in Conjurations
   102 | D:1      | Reached XP level 2. HP: 9/15 MP: 1/6
   196 | D:1      | Reached skill level 3 in Conjurations
   491 | D:1      | Reached XP level 3. HP: 18/19 MP: 4/7
   579 | D:1      | Learned a level 2 spell: Static Discharge
   583 | D:1      | Learned a level 3 spell: Swiftness
   643 | D:1      | Reached skill level 4 in Conjurations
  1815 | D:3      | Reached XP level 4. HP: 24/24 MP: 5/8
  1842 | D:3      | Noticed a sky beast
  1868 | D:3      | Noticed Ijyb
  1941 | D:3      | Killed Ijyb
  1942 | D:3      | Reached skill level 5 in Conjurations
  2142 | D:3      | Found an ancient bone altar of Kikubaaqudgha.
  2145 | D:3      | Found a hazy altar of Hepliaklqana.
  2379 | D:3      | quinnr: !whichgod TeCj
  2379 | D:3      | beem: 29 recent wins for TeCj: 12x Vehumet, 6x Ashenzari,
                  | 3x Gozag, 2x Okawaru, Ru, Dithmenos, Fedhas, Makhleb, Sif
                  | Muna, Hepliaklqana
  2565 | D:3      | quinnr: !lg * won TeCj
  2565 | D:3      | beem: 205. Yermak the Annihilator (L27 TeCj of Vehumet),
                  | escaped with the Orb and 3 runes on 2021-06-15 18:02:32,
                  | with 1726673 points after 80345 turns and 4:29:17.
  2565 | D:3      | quinnr: !lg * won TeCj -dump
  2565 | D:3      | beem: Unknown option: dump
  2565 | D:3      | quinnr: !lg * won TeCj -log
  2565 | D:3      | beem: 205. Yermak, XL27 TeCj, T:80345:
                  | https://crawl.kelbi.org/crawl/morgue/Yermak/morgue-Yermak-2
                  | 0210615-180232.txt
  2601 | D:3      | Reached skill level 1 in Evocations
  2601 | D:3      | Gained mutation: Your magical nature lets you fly swiftly
                  | and evasively. [Tengu growth]
  2601 | D:3      | Reached XP level 5. HP: 23/28 MP: 3/10
  2805 | D:3      | Found a sacrificial altar of Ru.
  3415 | D:3      | Killed a sky beast
  3596 | D:4      | Noticed Grinder
  3602 | D:4      | Reached skill level 6 in Conjurations
  3881 | D:4      | Found an opulent altar of Gozag.
  3963 | D:3      | Learned a level 4 spell: Airstrike
  4026 | D:4      | Reached XP level 6. HP: 32/32 MP: 6/11
  4035 | D:5      | Entered Level 5 of the Dungeon
  4690 | D:3      | Paralysed by Grinder for 5 turns
  4698 | D:3      | Killed Grinder
  4699 | D:3      | Reached skill level 8 in Conjurations
  4699 | D:3      | Reached skill level 5 in Air Magic
  4699 | D:3      | Reached XP level 7. HP: 22/36 MP: 0/12
  4901 | D:4      | Noticed Duvessa
  4901 | D:4      | Noticed Dowan
  4962 | D:4      | Noticed Eustachio
  4980 | D:4      | Killed Eustachio
  5588 | D:4      | Reached skill level 9 in Conjurations
  5801 | D:4      | Killed Dowan
  5802 | D:4      | Reached XP level 8. HP: 23/41 MP: 4/13
  5802 | D:4      | Killed Duvessa
  6270 | D:5      | Learned a level 5 spell: Lightning Bolt
  6396 | D:5      | Reached skill level 1 in Fighting
  7081 | D:5      | Found an iron altar of Okawaru.
  7763 | D:6      | Reached XP level 9. HP: 42/50 MP: 1/16
  7936 | D:6      | Reached skill level 10 in Conjurations
  8687 | D:6      | Found a shimmering blue altar of Sif Muna.
  9439 | D:6      | Noticed Edmund
  9458 | D:6      | Killed Edmund
  9459 | D:6      | Reached skill level 10 in Air Magic
  9695 | D:7      | Reached skill level 11 in Conjurations
 10208 | D:7      | Found a staircase to the Ecumenical Temple.
 10217 | Temple   | Entered the Ecumenical Temple
 10336 | Temple   | Became a worshipper of Vehumet
 10934 | D:7      | Found a snail-covered altar of Cheibriados.
 11554 | D:8      | Reached XP level 10. HP: 56/56 MP: 12/17
 11760 | D:8      | Reached skill level 12 in Conjurations
 12568 | D:8      | Reached * piety under Vehumet
 12568 | D:8      | Offered knowledge of Magic Dart by Vehumet.
 12725 | D:8      | Found a hide-covered altar of Uskayaw.
 12810 | D:8      | Found Giamacol's Distillery.
 12810 | D:8      | Found Tieseukh's Armour Emporium.
 12882 | D:8      | Found Fudebb's General Store.
 12882 | D:8      | Found Susyin's Armour Shoppe.
 12884 | D:8      | Found Zeodghok's Book Boutique.
 12884 | D:8      | Found Horchuuv's Magic Scroll Emporium.
 12901 | D:8      | Bought a +0 buckler of protection for 126 gold pieces
 12901 | D:8      | Bought a +0 pair of gloves of dexterity for 126 gold pieces
 12916 | D:8      | Bought a potion of heal wounds for 70 gold pieces
 13814 | D:9      | Reached skill level 13 in Conjurations
 14160 | D:9      | Identified the +7 rapier of Aclali {vorpal, Fly}
 14246 | D:10     | Entered Level 10 of the Dungeon
 14253 | D:10     | Reached skill level 1 in Armour
 14618 | D:10     | You are sucked into a shaft and drop 1 floor!
 14936 | D:10     | Found a staircase to the Lair.
 15360 | D:10     | Reached ** piety under Vehumet
 15360 | D:10     | Offered knowledge of Poisonous Vapours by Vehumet.
 15542 | D:10     | Reached XP level 11. HP: 45/62 MP: 11/19
 15551 | D:10     | Reached skill level 5 in Fighting
 15700 | D:10     | Reached skill level 5 in Spellcasting
 15805 | D:10     | Noticed Harold
 15820 | D:10     | Killed Harold
 15975 | D:10     | Found a burning altar of Makhleb.
 15977 | D:10     | Found a shimmering altar of Xom.
 16222 | Lair:1   | Entered Level 1 of the Lair of Beasts
 16709 | Lair:1   | Reached skill level 5 in Dodging
 16905 | Lair:1   | Learned a level 2 spell: Poisonous Vapours
 17548 | Lair:1   | Reached skill level 1 in Poison Magic
 17817 | Lair:2   | Reached skill level 5 in Evocations
 17882 | Lair:2   | Offered knowledge of Stone Arrow by Vehumet.
 17883 | Lair:2   | Reached skill level 5 in Armour
 18086 | Lair:2   | Learned a level 3 spell: Stone Arrow
 18236 | Lair:2   | Reached skill level 1 in Earth Magic
 18409 | Lair:2   | Reached *** piety under Vehumet
 18427 | Lair:2   | Reached XP level 12. HP: 70/70 MP: 2/20
 18823 | Lair:2   | Offered knowledge of Frozen Ramparts by Vehumet.
 19207 | Lair:2   | Noticed a boulder beetle
 19219 | Lair:2   | Killed a boulder beetle
 19340 | Lair:2   | Noticed a five-headed hydra
 19553 | Lair:2   | Killed a five-headed hydra
 19729 | Lair:3   | Found a gate leading to a gauntlet.
 19829 | Gauntlet | Entered a Gauntlet
 19829 | Gauntlet | Found a transporter.
 19829 | Gauntlet | Found a transporter.
 19829 | Gauntlet | Found a transporter.
 19833 | Gauntlet | Found a transporter.
 19833 | Gauntlet | Found a transporter.
 19913 | Gauntlet | Found a transporter.
 20006 | Gauntlet | Found a transporter.
 20109 | Gauntlet | Found a transporter.
 20112 | Gauntlet | Noticed a reaper
 20220 | Gauntlet | Found a transporter.
 20229 | Gauntlet | Killed a reaper
 20230 | Gauntlet | Reached skill level 5 in Earth Magic
 20308 | Gauntlet | Identified the +0 pair of boots "Asmir" {rF+}
 20312 | Gauntlet | Noticed a great orb of eyes
 20326 | Gauntlet | Found a transporter.
 20336 | Gauntlet | Noticed a minotaur
 20345 | Gauntlet | HP: 7/70 [minotaur/silver javelin (26)]
 20345 | Gauntlet | HP: 1/70 [minotaur/silver javelin (6)]
 20358 | Gauntlet | HP: 7/70 [minotaur/silver javelin (2)]
 20361 | Gauntlet | Hit by a silver javelin thrown by a minotaur

Illustrated notes

Levels and vault maps discovered:
D:1:      dpeg_arrival_shelter, layout_rooms, basic_ecumenical_altar
D:2:      layout_rooms
D:3:      layout_basic, nicolae_overflow_hidden_temple, st_stairs_6, uniq_ijyb
D:4:      layout_loops_ring, grunt_gozag_statues, corner_web_ring, st_stairs_8,
          uniq_duvessa, uniq_grinder, uniq_eustachio
D:5:      layout_rooms, okawaru_trees_1, chequers_decorated_corner
D:6:      layout_loops_corners, marbit_many_paths, uniq_edmund
D:7:      layout_basic, kennysheep_mini_moat, minmay_temple_entry_glass
D:8:      layout_cave_pools, eat_drink_and_be_merry_uskayaw,
          nrook_mini_backslash, kennysheep_small_spiral, serial_bayou_ford_a,
          nicolae_wooded_promenade
D:9:      layout_basic, hangedman_decor_points
D:10:     layout_grid_maze, grunt_temple_overflow_champion_of_chaos,
          david_lair_shrubbed, hex_medium, kennysheep_nondescript, uniq_harold
D:11:     layout_loops_ring, kennysheep_orc_monster_closet_entryway,
          hangedman_misty_isle
Temple:   minmay_temple_bridge_abc
Lair:1:   layout_roguey, serial_bayou_shore_b, grunt_megastairs_3
Lair:2:   layout_roguey
Lair:3:   minmay_lair_oklob_tunnel, layout_gridlike, palyth_hydra_swamp_entry,
          gauntlet_entry_generic, nicolae_volcano_entry_hallway,
          infiniplex_staircase_pool_2
Gauntlet: gammafunk_gauntlet_hard_choice [gammafunk_gauntlet_arena_spirals,
          gammafunk_gauntlet_arena_crates, gammafunk_gauntlet_arena_split_x,
          nicolae_gauntlet_arena_x, gammafunk_gauntlet_arena_arrow_garden,
          gammafunk_gauntlet_arena_chambers, gauntlet_exit_watery]

Skill      XL: |  1  2  3  4  5  6  7  8  9 10 11 12 |
---------------+-------------------------------------+-----
Conjurations   | 2 3 4 5 6 8 9 11 13 | 13.0
Evocations     | 1 2 3 6 7 |  7.0
Spellcasting   | 3 4 5 6 |  6.7
Air Magic      | 5 6 8 11 12 | 12.3
Fighting       | 3 4 6 |  6.0
Armour         | 2 5 |  5.0
Dodging        | 3 5 |  5.0
Poison Magic   | 4 |  4.0
Earth Magic    | 1 5 |  5.0
Stealth        | |  2.0

Action                   |  1- 3 |  4- 6 |  7- 9 | 10-12 || total
-------------------------+-------+-------+-------+-------++-------
Melee: Unarmed           |     3 |       |       |       ||     3
       Dagger            |       |     6 |    33 |    79 ||   118
       Peck              |       |     3 |     6 |    16 ||    25
       Kick              |       |     1 |     8 |    23 ||    32
       Rapier            |       |       |       |    13 ||    13
       Staff             |       |       |       |     1 ||     1
 Cast: Shock             |    68 |    58 |    87 |    70 ||   283
       Static Discharge  |     6 |    14 |    36 |    53 ||   109
       Swiftness         |       |     1 |     3 |     7 ||    11
       Airstrike         |       |     1 |    54 |   125 ||   180
       Lightning Bolt    |       |       |    11 |    28 ||    39
       Stone Arrow       |       |       |       |    20 ||    20
       Poisonous Vapours |       |       |       |     5 ||     5
Evoke: Wand              |       |    10 |       |     5 ||    15
  Use: Scroll            |       |     2 |     8 |     7 ||    17
       Potion            |       |       |       |    10 ||    10
Armor: Robe              |     3 |     1 |    23 |     7 ||    34
       Troll leather arm |       |       |       |    58 ||    58
Dodge: Dodged            |    12 |    22 |    71 |   101 ||   206
Block: Buckler           |       |       |       |    25 ||    25

Table legend: (Time is in decaauts)
 A = Elapsed time spent in this place.
 B = Non-inter-level travel time spent in this place.
 C = Inter-level travel time spent in this place.
 D = Time resting spent in this place.
 E = Time spent auto-exploring this place.
 F = Levels seen in this place.
 G = Mean time per level.
                   A        B        C        D        E       F      G
               +--------+--------+--------+--------+--------+-----+--------+
         Total |  19606 |  18699 |    907 |   7386 |   8693 |  16 | 1225.4 |
       Dungeon |  15431 |  14810 |    621 |   5853 |   7084 |  11 | 1402.8 |
        Temple |    421 |    392 |     29 |    269 |    101 |   1 |  421.0 |
          Lair |   3262 |   3007 |    255 |    992 |   1454 |   3 | 1087.3 |
      Gauntlet |    491 |    491 |      0 |    271 |     52 |   1 |  491.0 |
               +--------+--------+--------+--------+--------+-----+--------+

Top non-repeatable levels by time:
     D:6: 2391 daAuts
     D:3: 2110 daAuts
     D:4: 2052 daAuts
  Lair:1: 1861 daAuts
    D:10: 1813 daAuts
     D:8: 1637 daAuts
     D:7: 1243 daAuts
  Lair:2: 1238 daAuts
     D:5: 1200 daAuts
     D:1: 1103 daAuts
     D:2: 993 daAuts
     D:9: 875 daAuts
Gauntlet: 491 daAuts
  Temple: 421 daAuts
  Lair:3: 162 daAuts
